Map: Cyber Forest LE

Players

Smileblind

  • Race: Protoss Protoss
  • League: Silver
  • Spawn Location: 11:00

VOD

Have the link to the VOD?

Description

Time

  • Played on: Feb. 7, 2019, 5:53 a.m.
  • Length: 30:38
Show
View Real Time Build Order
Export as new Build Order

Smileblind Protoss 

Build Orders:  

Get SALT Encoding   

  12  0:04  Probe (Chrono Boost)  
  14  0:21  Probe (Chrono Boost)  
  14  0:30  Pylon  
  14  0:38  Probe (Chrono Boost)  
  15  0:56  Probe (Chrono Boost)  
  16  1:05  Gateway  
  16  1:08  Probe (Chrono Boost)  
  16  1:19  Probe (Chrono Boost)  
  17  1:21  Assimilator  
  17  1:28  Assimilator  
  18  1:35  Probe (Chrono Boost)  
  19  1:49  Probe (Chrono Boost)  
  20  1:55  Gateway  
  20  2:00  Probe (Chrono Boost)  
  21  2:11  Probe (Chrono Boost)  
  22  2:20  Cybernetics Core  
  22  2:28  Probe (Chrono Boost)  
  23  2:35  Pylon  
  23  2:47  Pylon  
  23  3:04  Gateway  
  27  3:34  Shield Battery  
  27  3:57  Gateway  
  27  4:00  Unknown x2  
  27  4:17  Warp Gate  
  27  4:23  Nexus  
  27  4:24  Stalker  
  29  4:36  Stalker  
  31  4:53  Stalker  
  33  5:06  Pylon  
  33  5:09  Stalker  
  35  5:32  Zealot  
  35  5:35  Stalker  
  35  5:38  Zealot  
  41  6:00  Shield Battery  
  41  6:06  Probe (Chrono Boost)  
  41  6:09  Probe (Chrono Boost)  
  43  6:11  Pylon  
  43  6:17  Probe (Chrono Boost)  
  43  6:26  Probe (Chrono Boost)  
  45  6:30  Probe (Chrono Boost)  
  46  6:43  Probe (Chrono Boost)  
  46  6:47  Probe (Chrono Boost)  
  46  6:48  Twilight Council  
  49  7:00  Probe (Chrono Boost)  
  49  7:01  Probe (Chrono Boost)  
  49  7:06  Robotics Facility  
  50  7:12  Probe (Chrono Boost)  
  50  7:17  Probe (Chrono Boost)  
  52  7:24  Probe (Chrono Boost)  
  52  7:27  Forge  
  53  7:34  Probe (Chrono Boost)  
  53  7:37  Stalker  
  53  7:39  Stalker  
  58  7:45  Stalker  
  60  7:58  Zealot  
  62  8:08  Assimilator  
  63  8:10  Probe x2 (Chrono Boost)  
  63  8:11  Assimilator  
  64  8:21  Probe (Chrono Boost)  
  64  8:26  Protoss Ground Weapons Level 1  
  64  8:28  Immortal  
  69  8:34  Probe (Chrono Boost)  
  70  8:57  Charge  
  70  9:10  Templar Archives  
  70  9:50  Pylon  
  70  9:52  Pylon  
  70  9:55  Pylon  
  70  9:58  Pylon  
  70  10:13  Nexus  
  70  10:15  Observer  
  70  10:17  Probe (Chrono Boost)  
  72  10:23  High Templar  
  72  10:24  High Templar x3  
  80  10:34  Probe (Chrono Boost)  
  80  10:35  Gateway  
  80  10:37  Gateway  
  81  10:44  Archon  
  81  10:45  Immortal, Archon  
  86  10:51  Probe (Chrono Boost)  
  86  10:55  Protoss Ground Weapons Level 2  
  86  10:56  Robotics Facility  
  86  11:08  Probe (Chrono Boost)  
  87  11:16  Sentry  
  89  11:22  Sentry  
  89  11:25  Probe (Chrono Boost)  
  92  11:34  Adept  
  92  11:35  Adept  
  92  11:39  Immortal  
  100  11:56  Probe (Chrono Boost)  
  101  12:07  Probe (Chrono Boost)  
  101  12:08  Assimilator  
  101  12:13  Assimilator  
  102  12:21  Probe (Chrono Boost)  
  102  12:29  Pylon  
  103  12:33  Pylon  
  103  12:34  Immortal  
  103  12:35  Pylon  
  103  12:38  Probe (Chrono Boost)  
  108  12:46  High Templar x3  
  114  12:51  High Templar  
  114  12:54  Archon, Probe (Chrono Boost)  
  117  13:05  Probe (Chrono Boost)  
  118  13:12  Probe x2 (Chrono Boost)  
  118  13:16  Immortal, Probe (Chrono Boost)  
  118  13:17  Psionic Storm  
  125  13:28  Probe (Chrono Boost)  
  125  13:29  Probe x2 (Chrono Boost)  
  128  13:45  Probe (Chrono Boost)  
  128  13:46  Probe x2 (Chrono Boost)  
  128  13:49  Unknown  
  131  13:54  High Templar  
  131  13:56  High Templar  
  135  14:02  Zealot x2  
  135  14:03  Probe (Chrono Boost)  
  140  14:13  Shield Battery  
  140  14:15  Shield Battery  
  140  14:19  Shield Battery  
  140  14:21  Shield Battery  
  140  14:33  Shield Battery  
  140  14:35  Pylon  
  140  14:38  Pylon  
  140  14:41  Pylon  
  140  14:42  Pylon  
  140  14:54  Immortal  
  140  14:56  Unknown  
  134  15:08  Unknown  
  119  15:15  Pylon x2  
  113  15:23  Pylon  
  113  15:25  High Templar  
  113  15:26  High Templar x3  
  113  15:27  High Templar x2  
  125  15:39  Nexus  
  125  15:49  Assimilator x2, Observer  
  126  15:54  Probe (Chrono Boost)  
  127  16:06  Probe (Chrono Boost)  
  128  16:16  Protoss Ground Weapons Level 3  
  128  16:18  Immortal  
  128  16:19  Immortal, Probe (Chrono Boost)  
  136  16:28  Stalker x2  
  141  16:31  Zealot  
  141  16:32  Zealot x3  
  141  16:34  Probe (Chrono Boost)  
  150  16:45  Probe (Chrono Boost)  
  151  16:55  Pylon  
  151  16:56  Probe (Chrono Boost)  
  151  16:57  Shield Battery  
  151  17:00  Shield Battery  
  151  17:03  Shield Battery  
  151  17:09  Stargate  
  152  17:10  Stalker x2  
  152  17:11  Stalker  
  152  17:13  Immortal, Probe (Chrono Boost)  
  152  17:14  Immortal  
  152  17:18  Probe (Chrono Boost)  
  167  17:29  Probe (Chrono Boost)  
  169  17:30  Probe (Chrono Boost)  
  170  17:42  Probe (Chrono Boost)  
  170  17:46  High Templar x2  
  170  17:47  High Templar x2  
  179  17:53  Archon  
  179  17:54  Archon  
  179  17:59  Probe (Chrono Boost)  
  180  18:03  Stalker x2  
  180  18:08  Observer  
  185  18:16  Probe (Chrono Boost)  
  186  18:33  Probe (Chrono Boost)  
  186  18:34  Zealot  
  186  18:35  Zealot x4  
  198  18:50  Probe (Chrono Boost)  
  198  18:55  High Templar  
  200  19:10  Photon Cannon  
  200  19:12  Photon Cannon  
  200  19:14  Photon Cannon, Observer  
  188  19:50  Unknown  
  188  19:51  Unknown  
  188  19:56  Protoss Ground Armor Level 1  
  95  20:39  Observer  
  76  20:44  Zealot x3  
  76  20:45  Zealot x3  
  88  20:59  Immortal  
  92  21:08  Observer  
  93  21:16  Stalker x4  
  93  21:17  Stalker x2  
  105  21:23  Unknown  
  101  21:38  Immortal  
  97  21:54  Immortal  
  97  21:57  Stalker  
  97  21:58  Stalker  
  97  21:59  Stalker x4  
  107  22:03  Void Ray  
  111  22:25  Protoss Air Weapons Level 1  
  111  22:33  Immortal  
  115  22:42  Adept x4  
  115  22:43  Adept x2, Protoss Ground Armor Level 2  
  115  22:49  Immortal  
  131  23:03  Void Ray  
  135  23:17  Adept x4  
  135  23:18  Adept x2  
  147  23:28  Immortal  
  151  23:43  Immortal  
  151  23:46  High Templar  
  151  23:47  High Templar x4  
  151  23:48  High Templar  
  167  24:03  Archon x2, Void Ray  
  167  24:05  Archon  
  171  24:23  Immortal  
  175  24:35  High Templar  
  175  24:36  High Templar x2  
  175  24:37  High Templar x2  
  185  24:53  Archon  
  185  25:04  Zealot  
  109  25:52  Stalker x4  
  109  25:53  Stalker x2, Protoss Shields Level 1  
  91  26:16  Phoenix  
  93  26:21  Immortal  
  93  26:26  Immortal  
  101  26:32  Zealot x3  
  101  26:33  Zealot  
  101  26:34  Zealot x2  
  113  26:43  Unknown  
  113  26:50  Phoenix  
  115  27:05  Stalker  
  115  27:06  Stalker x3  
  115  27:08  Stalker x2  
  127  27:11  Gateway  
  127  27:14  Gateway  
  127  27:16  Immortal  
  127  27:18  Gateway  
  131  27:21  Gateway, Immortal  
  131  27:25  Phoenix  
  137  27:39  Sentry  
  139  27:40  Sentry  
  139  27:41  Sentry x2  
  139  27:44  High Templar x2  
  149  27:59  Gateway  
  149  28:00  Phoenix  
  149  28:03  Gateway  
  149  28:06  Gateway  
  151  28:11  Immortal  
  151  28:13  High Templar x2  
  151  28:14  High Templar x2  
  151  28:16  Immortal  
  167  28:35  Phoenix, High Templar x2  
  173  28:49  Unknown  
  173  28:53  Archon  
  161  29:06  Immortal  
  91  29:42  Stalker  
  91  29:43  Stalker x2  
  91  29:44  Stalker x3  
  89  29:58  Stalker x3  
  89  29:59  Stalker x3  
  90  30:00  Stalker  
  79  30:17  Stalker x3  
  79  30:18  Stalker x2  
  79  30:19  Stalker  
  69  30:31  Stalker  
  69  30:33  Stalker  
  69  30:34  Stalker x2  
Tags
 
Add a new tag
Caveats
  • Supply blocks, unpowered buildings, or Contaminate may cause inaccurate times.
  • Supply counts are checked every 10 seconds.